 Dungeon Crawl Stone Soup version 0.19.5 (webtiles) character file.

1128 Gukra the Cutter (level 8, 0/51 HPs)
             Began as a High Elf Enchanter on Jan 16, 2017.
             Slain by Duvessa
             ... wielding a +0 short sword
              (7 damage)
             ... on level 6 of the Dungeon on Mar 3, 2017.
             The game lasted 00:32:55 (4671 turns).

Gukra the Cutter (High Elf Enchanter)               Turns: 4671, Time: 00:32:55

Health: 0/51       AC:  5    Str:  7    XL:     8   Next: 13%
Magic:  2/12       EV: 13    Int: 22    God:
Gold:   140        SH:  0    Dex: 17    Spells: 4 memorised, 2 levels left

rFire  . . .     SeeInvis .     a - +2 dagger
rCold  + . .     Gourm    .     x - +1 robe {rC+}
rNeg   . . .     Faith    .     (no shield)
rPois  +         Spirit   .     (no helmet)
rElec  .         Reflect  .     (no cloak)
rCorr  .         Harm     .     k - +1 pair of gloves
MR     .....                    (no boots)
Stlth  ++++......               (no amulet)
                                (no ring)
                                j - ring of poison resistance

@: no status effects
A: thin skeletal structure 1
a: no special abilities


You were on level 6 of the Dungeon.
You were not hungry.

You visited 1 branch of the dungeon, and saw 6 of its levels.

You collected 179 gold pieces.
You spent 39 gold pieces at shops.

Inventory:

Hand Weapons
 a - a +2 dagger (weapon)
Missiles
 f - 70 stones (quivered)
 m - 10 poisoned needles
Armour
 b - a +1 robe
 k - a +1 pair of gloves (worn)
 x - a +1 robe of cold resistance (worn)
Jewellery
 j - a ring of poison resistance (left hand)
Wands
 g - a wand of polymorph (5/24)
 s - a wand of enslavement (10/24)
Scrolls
 e - 4 scrolls of identify
 h - 4 scrolls of remove curse
 n - 2 scrolls of enchant weapon
 q - 2 scrolls of magic mapping
 t - 3 scrolls of enchant armour
Potions
 i - a potion of brilliance
 o - a potion of resistance
 z - 2 potions of curing
Books
 c - a book of Maledictions

   Spells                             Type                      Level
   a - Corona                         Hexes                        1
   b - Ensorcelled Hibernation        Hexes/Ice                    2
   c - Confuse                        Hexes                        3
   d - Tukima's Dance                 Hexes                        3
   e - Dazzling Spray                 Conjuration/Hexes            3
 r - a book of Geomancy

   Spells                             Type                      Level
   a - Sandblast                      Earth                        1
   b - Passwall                       Transmutation/Earth          2
   c - Stone Arrow                    Conjuration/Earth            3
   d - Petrify                        Transmutation/Earth          4
   e - Lee's Rapid Deconstruction     Earth                        5
Comestibles
 d - 2 bread rations
 u - 5 fruits


   Skills:
 + Level 2.7 Fighting
 - Level 6.2 Short Blades
 - Level 0.2 Throwing
 - Level 2.1 Dodging
 + Level 5.7 Stealth
 - Level 2.4 Spellcasting
 * Level 3.5 Conjurations
 + Level 4.6 Hexes
 + Level 3.6 Ice Magic


You had 2 spell levels left.
You knew the following spells:

 Your Spells              Type           Power        Failure   Level  Hunger
a - Corona                Hex            ###....      1%          1    None
b - Ensorcelled Hibernat  Hex/Ice        ###...       4%          2    ##.....
c - Dazzling Spray        Conj/Hex       ###...       10%         3    ###....
d - Tukima's Dance        Hex            ###.....     8%          3    ###....


Dungeon Overview and Level Annotations

Branches:
Dungeon (6/15)
 Temple: D:4-7

Altars:
Fedhas
Gozag
Kikubaaqudgha

Shops:
D:5 :((!

Annotations:
D:3 clownbabyjr's ghost, amateur OpAs
D:5 Prince Ribbit
D:6 Duvessa


Innate Abilities, Weirdness & Mutations

You have a somewhat thin skeletal structure. (Dex +2, Stealth)


Message History

Casting: Ensorcelled Hibernation
Confirm with . or Enter, or press ? or * to list all spells.
Aiming: Tukima's Dance
Press: ? - help, Shift-Dir - straight line, f - Duvessa
Aim: Duvessa, wielding a short sword (lightly wounded, chance to defeat MR: 45%) Duvessa resists with some effort.
Duvessa hits you with a short sword.
* * * LOW HITPOINT WARNING * * *
Drop what? 21/52 slots (_ for help) (? for menu, Esc to quit)
Drop what? 21/52 slots (_ for help) (? for menu, Esc to quit)
Okay, then.
Unknown command.
Casting: Tukima's Dance
Confirm with . or Enter, or press ? or * to list all spells.
Aiming: Tukima's Dance
Press: ? - help, Shift-Dir - straight line, f/p - Duvessa
Aim: Duvessa, wielding a short sword (lightly wounded, chance to defeat MR: 45%) Duvessa resists with some effort.
Duvessa hits you with a short sword!
* * * LOW HITPOINT WARNING * * *
Duvessa hits you with a short sword!
You die... .. #.#.###### #....)[..# ####.###.# pp.

#.# #e#.
#<# .....
#.#
#########)#
.......@e.#
.....######
... .


You could see Duvessa.

Vanquished Creatures
  Pikel (D:6)
  A slave (D:6)
  An ogre (D:4)
  3 scorpions
  2 crimson imps (D:5)
  A centaur skeleton (D:4)
  4 orc wizards (D:5)
  Terence (D:3)
  An iguana (D:4)
  2 worker ants (D:4)
  A hound skeleton (D:5)
  2 worker ant zombies
  2 adders
  2 adder skeletons
  3 worms
  A dart slug (D:1)
  5 leopard geckos
  12 orcs
  3 giant cockroaches
  3 goblins
  2 hobgoblins (D:1)
  11 jackals
  3 bats (D:1)
  3 frilled lizards
  4 kobolds
  A leopard gecko skeleton (D:5)
  A quokka skeleton (D:5)
  4 rats
80 creatures vanquished.

Vanquished Creatures (others)
  2 slaves (D:6)
  Dowan (D:6)
  2 fungi (D:5)
5 creatures vanquished.

Grand Total: 85 creatures vanquished

Notes
Turn   | Place    | Note
-------+----------+-------------------------------------------
     0 | D:1      | Gukra the High Elf Enchanter began the quest for the Orb.
     0 | D:1      | Reached XP level 1. HP: 11/11 MP: 4/4
   324 | D:1      | Reached skill level 2 in Short Blades
   337 | D:1      | Reached XP level 2. HP: 3/17 MP: 1/6
   344 | D:1      | Learned a level 2 spell: Ensorcelled Hibernation
  1095 | D:1      | Reached skill level 3 in Short Blades
  1692 | D:2      | Reached XP level 3. HP: 17/22 MP: 5/7
  1950 | D:2      | Found an opulent altar of Gozag.
  1950 | D:2      | Found an ancient bone altar of Kikubaaqudgha.
  2459 | D:3      | Noticed clownbabyjr's ghost (amateur OpAs)
  2526 | D:3      | Noticed Terence
  2537 | D:3      | Killed Terence
  2537 | D:3      | Reached skill level 1 in Fighting
  2537 | D:3      | Reached skill level 4 in Short Blades
  2537 | D:3      | Reached XP level 4. HP: 20/28 MP: 0/8
  2543 | D:3      | Learned a level 3 spell: Dazzling Spray
  2543 | D:3      | Upgraded the game from 0.19.1-1-g22dce08 to 0.19.5
  2626 | D:4      | Reached skill level 1 in Ice Magic
  2753 | D:4      | Noticed an ogre
  2761 | D:4      | Killed an ogre
  2761 | D:4      | Reached skill level 5 in Short Blades
  2761 | D:4      | Reached XP level 5. HP: 34/34 MP: 6/9
  2924 | D:4      | Reached skill level 6 in Short Blades
  2928 | D:4      | Reached XP level 6. HP: 36/39 MP: 2/10
  2952 | D:4      | Learned a level 3 spell: Tukima's Dance
  3142 | D:4      | Gained mutation: You have a somewhat thin skeletal structure. (Dex +2, Stealth) [potion of beneficial mutation]
  3298 | D:5      | Entered Level 5 of the Dungeon
  3316 | D:5      | Found Naoheso's Antique Weapon Shop.
  3353 | D:5      | Reached skill level 1 in Conjurations
  3652 | D:5      | Found Irchacun's Book Shop.
  3745 | D:5      | Reached XP level 7. HP: 39/45 MP: 3/11
  4122 | D:5      | Found Wuddis's Weapon Boutique.
  4142 | D:5      | Found Qiuxakli's Distillery.
  4159 | D:5      | Bought a potion of curing for 39 gold pieces
  4218 | D:5      | Found a blossoming altar of Fedhas.
  4549 | D:5      | Noticed Prince Ribbit
  4582 | D:6      | Noticed Pikel
  4584 | D:6      | Noticed Dowan
  4590 | D:6      | Noticed Duvessa
  4593 | D:6      | Killed Pikel
  4593 | D:6      | Reached skill level 5 in Stealth
  4593 | D:6      | Reached XP level 8. HP: 44/51 MP: 5/12
  4609 | D:6      | Killed Dowan
  4671 | D:6      | Slain by Duvessa

Skill      XL: |  1  2  3  4  5  6  7 |
---------------+----------------------+-----
Short Blades   | 2 3 4 5 6 |  6.2
Fighting       | 1 2 |  2.7
Ice Magic      | 1 2 3 |  3.6
Conjurations   | 2 3 |  3.5
Stealth        | 4 5 |  5.7
Hexes          | 4 |  4.6
Throwing       | |  0.2
Dodging        | |  2.1
Spellcasting   | |  2.4

Action                   |  1- 3 |  4- 6 |  7- 9 || total
-------------------------+-------+-------+-------++-------
Melee: Dagger            |   107 |   129 |   105 ||   341
Throw: Stone             |    14 |     7 |     1 ||    22
 Cast: Corona            |    23 |     3 |     1 ||    27
       Ensorcelled Hiber |     6 |    27 |    32 ||    65
       Dazzling Spray    |       |     1 |       ||     1
       Tukima's Dance    |       |       |     2 ||     2
Evoke: Wand              |       |       |     2 ||     2
  Use: Scroll            |       |    12 |     3 ||    15
       Potion            |       |     1 |     2 ||     3
 Stab: Sleeping          |     7 |    21 |    11 ||    39
       Distracted        |       |     1 |       ||     1
  Eat: Chunk             |     3 |     3 |     5 ||    11
       Meat ration       |     1 |       |       ||     1
Armor: Robe              |    35 |    20 |    28 ||    83
       Skin              |       |       |    16 ||    16
Dodge: Dodged            |    70 |    62 |    47 ||   179
